 Dungeon Crawl Stone Soup version 0.19.0-11-g3fc08b3 (webtiles) character file.

480 lorenzova the Sneak (level 6, -1/28 HPs)
             Began as a Spriggan Enchanter on Nov 8, 2016.
             Killed by divine providence
             ... invoked by an orc priest
              (15 damage)
             ... on level 4 of the Dungeon.
             The game lasted 00:08:06 (4366 turns).

lorenzova the Sneak (Spriggan Enchanter)            Turns: 4366, Time: 00:08:06

Health: -1/28      AC:  3    Str:  4    XL:     6   Next: 86%
Magic:  2/15       EV: 18    Int: 17    God:
Gold:   276        SH:  0    Dex: 18    Spells: 3 memorised, 10 levels left

rFire  . . .     SeeInvis +     a - +1 dagger
rCold  . . .     Gourm    .     b - +1 robe
rNeg   . . .     Faith    .     (shield restricted)
rPois  .         Spirit   .     (helmet restricted)
rElec  .         Reflect  +     (no cloak)
rCorr  .         Harm     .     (gloves unavailable)
MR     +....                    (boots unavailable)
Stlth  ++........               q - +2 amulet of reflection
                                (no ring)
                                i - ring of wizardry

@: confused, lethally poisoned (-1 -> -5), very quick
A: unfitting armour, see invisible, herbivore 3, speed 3, slow metabolism 2
a: no special abilities


You were on level 4 of the Dungeon.
You were hungry.

You visited 1 branch of the dungeon, and saw 5 of its levels.

You collected 276 gold pieces.

Inventory:

Hand Weapons
 a - a +1 dagger (weapon)
 l - a +2 hunting sling of flaming
Missiles
 m - 46 sling bullets
Armour
 b - a +1 robe (worn)
Jewellery
 i - a ring of wizardry (left hand)
 q - a +2 amulet of reflection (around neck)
Wands
 t - a wand of digging (12/24)
Scrolls
 g - 5 scrolls of remove curse {unknown}
 j - a scroll of random uselessness {unknown}
 k - a scroll of magic mapping {unknown}
 n - 3 scrolls of identify
 o - 2 scrolls of recharging {unknown}
 r - a scroll of enchant armour {unknown}
 u - a scroll of fear {unknown}
 v - 2 scrolls of blinking {unknown}
 w - a scroll of noise {unknown}
Potions
 e - a potion of invisibility {unknown}
 h - 2 potions of curing {unknown}
 p - a potion of might {unknown}
 s - a potion of mutation {unknown}
Books
 c - a book of Maledictions

   Spells                             Type                      Level
   a - Corona                         Hexes                        1
   b - Ensorcelled Hibernation        Hexes/Ice                    2
   c - Confuse                        Hexes                        3
   d - Tukima's Dance                 Hexes                        3
   e - Dazzling Spray                 Conjuration/Hexes            3
Comestibles
 d - 7 bread rations
 f - 9 fruits


   Skills:
 - Level 1.1 Short Blades
 - Level 3.0 Dodging
 + Level 7.9 Stealth
 + Level 5.5 Spellcasting
 + Level 6.2 Hexes


You had 10 spell levels left.
You knew the following spells:

 Your Spells              Type           Power        Failure   Level  Hunger
a - Corona                Hex            ####...      1%          1    None
b - Ensorcelled Hibernat  Hex/Ice        ###...       4%          2    #......
c - Confuse               Hex            ####....     1%          3    ##.....


Dungeon Overview and Level Annotations

Branches:
Dungeon (5/15)
 Temple: D:4-7

Altars:
Elyvilon


Innate Abilities, Weirdness & Mutations

You are very small and have problems with some larger weapons.
You are too small for most types of armour.
You have supernaturally acute eyesight. (SInv)
You are a herbivore.
You cover ground extremely quickly.
You need consume almost no food.


Message History

You are feeling hungry.
An adder comes into view.
You feel sick.
You climb upwards.
The orc wizard points at you and mumbles some strange words.
You are confused.
There is a stone staircase leading down here.
There are monsters nearby!
There are monsters nearby!
There are monsters nearby!
The sentinel's mark upon you fades away.
The orc priest hits you with a short sword.
You feel sick.
The orc wizard gestures at you while chanting.
You resist with almost no effort. The orc priest misses you.
You bump into the stone wall.
The orc priest calls down the wrath of Beogh upon you.
Beogh smites you!
Ouch! That really hurt!
You die...

#...........# ##..#..
#...........# #...##.
####.######.# #.#.##.
#.# #.# #.#.##. #.#
#.###.#.##.
#.######.....#.##.
#.#........###....
##.#...............
##.@................
##.o.o...............
#..>...............#.
#....................
#...................#
#...................#
#.........##.......##
#....<....##.......##
#.........###.##..###


You could see an orc priest and an orc wizard.

Vanquished Creatures
  Duvessa (D:4)
  Dowan (D:4)
  A howler monkey (D:5)
  2 hounds (D:5)
  An orc wizard (D:4)
  3 worker ants
  A worker ant zombie (D:5)
  3 adders
  2 oozes
  2 adder skeletons (D:4)
  2 dart slugs
  4 leopard geckos
  4 orcs
  7 bats
  3 giant cockroaches
  4 goblins
  4 hobgoblins
  5 jackals (D:4)
  2 quokkas (D:3)
  11 frilled lizards
  8 kobolds
  A leopard gecko skeleton (D:4)
  7 rats
79 creatures vanquished.

Notes
Turn   | Place    | Note
-------+----------+-------------------------------------------
     0 | D:1      | lorenzova the Spriggan Enchanter began the quest for the Orb.
     0 | D:1      | Reached XP level 1. HP: 9/9 MP: 5/5
   557 | D:1      | Reached XP level 2. HP: 10/13 MP: 6/6
   561 | D:1      | Learned a level 2 spell: Ensorcelled Hibernation
  1105 | D:2      | Found a white marble altar of Elyvilon.
  1155 | D:2      | Reached XP level 3. HP: 16/16 MP: 3/8
  1457 | D:1      | Learned a level 3 spell: Confuse
  1460 | D:2      | Reached skill level 5 in Stealth
  2151 | D:3      | Reached XP level 4. HP: 21/21 MP: 7/10
  2244 | D:3      | Reached skill level 5 in Hexes
  2648 | D:4      | Reached skill level 6 in Stealth
  2653 | D:4      | Noticed Dowan
  2671 | D:4      | Killed Dowan
  2671 | D:4      | Reached XP level 5. HP: 23/24 MP: 9/12
  3017 | D:4      | Noticed Duvessa
  3380 | D:4      | Killed Duvessa
  3380 | D:4      | Reached skill level 7 in Stealth
  3380 | D:4      | Reached XP level 6. HP: 27/28 MP: 6/14
  4214 | D:5      | Entered Level 5 of the Dungeon
  4219 | D:5      | Reached skill level 5 in Spellcasting
  4366 | D:4      | Killed from afar by an orc priest

Skill      XL: |  1  2  3  4  5  6 |
---------------+-------------------+-----
Hexes          | 4 5 6 |  6.2
Spellcasting   | 3 4 5 |  5.5
Stealth        | 5 6 7 |  7.9
Short Blades   | |  1.1
Dodging        | |  3.0

Action                   |  1- 3 |  4- 6 || total
-------------------------+-------+-------++-------
Melee: Dagger            |   171 |   133 ||   304
 Cast: Corona            |     4 |       ||     4
       Ensorcelled Hiber |    11 |    21 ||    32
       Confuse           |       |    27 ||    27
  Use: Scroll            |       |     1 ||     1
 Stab: Sleeping          |    14 |    22 ||    36
       Confused          |       |     7 ||     7
  Eat: Royal jelly       |       |     2 ||     2
Armor: Robe              |    23 |    23 ||    46
Dodge: Dodged            |   158 |   125 ||   283
Block: Other             |       |     7 ||     7
